 Dungeon Crawl Stone Soup version 0.27.1-33-g824d729ab1 (webtiles) character file.

Game seed: 4765494575326811732

7 unlimited1921 the Firebug (level 2, 0/20 HPs)
             Began as a Hill Orc Fire Elementalist on Dec 2, 2021.
             Slain by a jackal (2 damage)
             ... on level 1 of the Dungeon.
             The game lasted 00:01:17 (115 turns).

unlimited1921 the Firebug (HOFE)                     Turns: 115, Time: 00:01:18

Health: 0/20       AC:  2    Str: 10    XL:     2   Next: 0%
Magic:  1/4        EV: 12    Int: 15    God:
Gold:   0          SH:  0    Dex: 11    Spells: 3/4 levels left

rFire    . . .     SeeInvis .   (no weapon)
rCold    . . .     Faith    .   (no shield)
rNeg     . . .     Spirit   .   a - +0 robe
rPois    .         Reflect  .   (no helmet)
rElec    .         Harm     .   (no cloak)
rCorr    .         Rampage  .   (no gloves)
Will     .....                  (no boots)
Stlth    ++........             (no amulet)
HPRegen  0.06/turn              (no ring)
MPRegen  0.09/turn              (no ring)

@: no status effects
A: no striking features
a: no special abilities


You were on level 1 of the Dungeon.
You visited 1 branch of the dungeon, and saw 1 of its levels.

Inventory:

Armour
 a - a +0 robe (worn)
Scrolls
 b - a scroll of teleportation {unknown}


   Skills:
 + Level 1.7 Dodging
 + Level 1.5 Stealth
 + Level 1.7 Spellcasting
 + Level 1.0 Conjurations
 + Level 3.5 Fire Magic


You had 3 spell levels left.
You knew the following spells:

 Your Spells              Type           Power      Damage    Failure   Level
a - Foxfire               Conj/Fire      32%        2x1d5     9%          1

Your spell library contained the following spells:

 Spells                   Type           Power      Damage    Failure   Level
 Conjure Flame            Conj/Fire      8%         6-21      26%         3
 Inner Flame              Hex/Fire       6%         N/A       32%         3
 Sticky Flame             Conj/Fire      8%         2d3       65%         4
 Fireball                 Conj/Fire      4%         3d4       94%         5


Dungeon Overview and Level Annotations

Branches:
Dungeon (1/15)

Altars:


Message History

You closely miss the jackal.
The jackal is lightly wounded.
The jackal barely misses you. The jackal completely misses you.
You closely miss the jackal.
The jackal is lightly wounded.
The jackal bites you.
You closely miss the jackal.
The jackal is lightly wounded.
The jackal closely misses you. The jackal bites you.
You are too injured to fight recklessly!
You are too injured to fight recklessly!
The jackal misses you. The jackal bites you. The jackal barely misses you. x2
The jackal bites you but does no damage.
Casting: Foxfire (safe; 9% risk of failure)
Confirm with . or Enter, or press ? or * to list all spells.
You conjure some foxfire!
The jackal bites you.
* * * LOW HITPOINT WARNING * * *
The jackal bites you but does no damage.
The foxfire hits the jackal.
The jackal is moderately wounded.
The foxfire hits the jackal but does no damage.
The jackal is moderately wounded.
The jackal misses you. The jackal misses you. The jackal bites you.
* * * LOW HITPOINT WARNING * * *
The jackal bites you but does no damage.
The jackal bites you.
* * * LOW HITPOINT WARNING * * *
The jackal closely misses you. The jackal barely misses you.
The jackal bites you but does no damage.
The jackal bites you but does no damage.
You see here a jackal corpse.
The jackal closely misses you.
You see here 15 stones.
The jackal bites you.
You die...

# #.†#
###..##..##########
...#...........#.#
#..#.#..#######.#
###...###.#######.#
..............##.#
##.#.....####.##.#
#....†###8#####.######
##..h...@h...†......<#
#....###8#####.######
#.##.# ### #.# #. #.#
#.# . #.# #.# . #.#
#.# #≈ #.# #.# #.# ###
#..


You could see 2 jackals.

Vanquished Creatures
  A bat (D:1)
  An endoplasm (D:1)
  2 jackals (D:1)
  A kobold (D:1)
  A rat (D:1)
6 creatures vanquished.

Vanquished Creatures (others)
  15 foxfires (D:1)
15 creatures vanquished.

Grand Total: 21 creatures vanquished

Notes
Turn   | Place    | Note
-------+----------+-------------------------------------------
     0 | D:1      | unlimited1921 the Hill Orc Fire Elementalist began the
                  | quest for the Orb.
     0 | D:1      | Reached XP level 1. HP: 14/14 MP: 3/3
    89 | D:1      | Reached XP level 2. HP: 19/20 MP: 0/4
   115 | D:1      | Slain by a jackal

Illustrated notes

Levels and vault maps discovered:
D:1:      lemuel_arrival_cross, layout_loops_ring,
          dreamdust_ecumenical_altar_drowned_temple

Action                   || total
-------------------------++-------
Melee: Unarmed           ||     8
 Cast: Foxfire           ||     9
Armor: Robe              ||     6
Dodge: Dodged            ||    17
